 Dungeon Crawl Stone Soup version 0.24-a0-464-g6b2be6b8c7 (webtiles) character file.

Game seed: 15522542789446563855

207 Murumi the Magician (level 5, 49/49 HPs)
             Began as a Naga Transmuter on July 4, 2019.
             Was an Initiate of Cheibriados.
             Quit the game on level 3 of the Dungeon.
             The game lasted 00:17:04 (2862 turns).

Murumi the Magician (Naga Transmuter)               Turns: 2862, Time: 00:17:05

Health: 49/49      AC:  5    Str: 14    XL:     5   Next: 85%
Magic:  9/9        EV: 10    Int: 14    God:    Cheibriados [......]
Gold:   201        SH:  0    Dex: 13    Spells: 0/10 levels left

rFire    . . .     SeeInvis +     - Unarmed
rCold    . . .     Gourm    .   (no shield)
rNeg     + . .     Faith    .   b - +0 robe
rPois    +         Spirit   .   (no helmet)
rElec    .         Reflect  .   (no cloak)
rCorr    .         Harm     .   c - +1 pair of gloves
MR       .....                  (no barding)
Stlth    +.........             (no amulet)
HPRegen  0.16/turn              e - ring of positive energy
MPRegen  0.11/turn              r - +1 ring of protection

@: very slow
A: large, see invisible, deformed body, poison resistance, slowness 2, slow
metabolism 1, spit poison 1, AC +1
a: Spit Poison, Bend Time, Renounce Religion


You were on level 3 of the Dungeon.
You worshipped Cheibriados.
Cheibriados was noncommittal.
You were hungry.

You visited 1 branch of the dungeon, and saw 3 of its levels.

You collected 201 gold pieces.

Inventory:

Missiles
 a - 25 arrows
 h - 154 stones (quivered)
 m - 4 poisoned darts
Armour
 b - a +0 robe (worn)
 c - a +1 pair of gloves (worn)
Jewellery
 e - a ring of positive energy (left hand)
 r - a +1 ring of protection (right hand)
Scrolls
 i - 2 scrolls of magic mapping
 l - a scroll of teleportation
 o - 2 scrolls of amnesia
Potions
 f - a potion of brilliance
 g - a potion of curing
 k - a potion of cancellation {unknown}
 n - a potion of resistance {unknown}
 p - a potion of ambrosia {unknown}
 q - a potion of degeneration {unknown}
Comestibles
 d - 6 rations


   Skills:
 - Level 3.0 Fighting
 - Level 1.0 Armour
 - Level 2.1 Dodging
 - Level 3.0 Unarmed Combat
 - Level 3.3 Spellcasting
 - Level 3.1 Transmutations
 + Level 0.7 Invocations


You couldn't memorise any spells.
You knew the following spells:

 Your Spells              Type           Power        Failure   Level  Hunger
a - Beastly Appendage     Tmut           ##....       6%          1    #......
b - Sticks to Snakes      Tmut           ##......     9%          2    ##.....
c - Spider Form           Tmut/Pois      #.........   32%         3    ###....
d - Ice Form              Ice/Tmut       #.......     73%         4    #####..

Your spell library contained the following spells:

 Spells                   Type           Power        Failure   Level  Hunger
 Blade Hands              Tmut           ##........   85%         5    ######.


Dungeon Overview and Level Annotations

Branches:
Dungeon (3/15)

Altars:
Cheibriados


Innate Abilities, Weirdness & Mutations

You cannot wear boots.
Your serpentine skin is tough. (AC +1)
You have supernaturally acute eyesight. (SInv)
Armour fits poorly on your strangely shaped body.
Your system is resistant to poisons. (rPois)
You cover ground very slowly.
You have a slow metabolism.
You can spit poison.


Message History

d - 6 rations (gained 1)
h - 154 stones (gained 16)
You see here a dagger.
You are feeling hungry.
Done exploring.
Drop what? 18/52 slots (_ for help) (? for menu, Esc to quit)
You drop a potion of haste.
j - a potion of haste Unknown command.
Drop what? 18/52 slots (_ for help) (? for menu, Esc to quit)
Okay, then.
You drop a potion of haste.
This spell is very dangerous to cast!
Memorise Ice Form, consuming 4 spell levels and leaving 0?
You start memorising the spell.
You continue memorising. x4
You finish memorising.
Spell assigned to 'd'.
Casting: Beastly Appendage (safe; 6% risk of failure)
Confirm with . or Enter, or press ? or * to list all spells.
Okay, then.
Are you sure you want to abandon this character and quit the game? (Confirm with "yes".)

.###[...#####....#
#..........#
.......######....#
#..........#
.......#......####
#.....)....#
.........####.#
#..........# ........##
#..# #..........#
#.......####..#
#..........#
#.......##...#####
##..#†######
........##..####.# #.##.#
#..........## #.@# #.##.#
..######...####.## ##.##.#
..# ##.........# #..##.#
..## #....###..## #<###.#
...###.######..# ###.# #.#
.......###.....###...###.#
.........#.##.........##.#
.........#.##.)>......##.#
...>.....#.##.........#..#


There were no monsters in sight!

Vanquished Creatures
  A crimson imp (D:3)
  An orc priest (D:3)
  5 adders
  An ooze (D:2)
  4 dart slugs
  2 leopard geckos (D:1)
  4 orcs (D:3)
  A ball python (D:1)
  6 bats
  7 giant cockroaches
  4 goblins
  10 hobgoblins
  14 jackals
  6 kobolds
  5 frilled lizards
  7 rats
78 creatures vanquished.

Notes
Turn   | Place    | Note
-------+----------+-------------------------------------------
     0 | D:1      | Murumi the Naga Transmuter began the quest for the Orb.
     0 | D:1      | Reached XP level 1. HP: 18/18 MP: 3/3
    67 | D:1      | Reached XP level 2. HP: 22/25 MP: 5/5
    75 | D:1      | Learned a level 2 spell: Sticks to Snakes
   378 | D:1      | Reached XP level 3. HP: 32/32 MP: 6/6
   524 | D:1      | Reached skill level 1 in Armour
   530 | D:1      | Learned a level 3 spell: Spider Form
  1263 | D:2      | Reached XP level 4. HP: 40/40 MP: 7/7
  1963 | D:3      | Reached XP level 5. HP: 44/49 MP: 8/8
  2503 | D:3      | Found a snail-covered altar of Cheibriados.
  2508 | D:3      | Became a worshipper of Cheibriados the Contemplative
  2862 | D:3      | Learned a level 4 spell: Ice Form
  2862 | D:3      | Quit the game

Levels and vault maps discovered:
D:1:      psy_arrival_fountain, layout_basic
D:2:      layout_loops_ring, first_ration
D:3:      layout_rooms, kennysheep_slug_shrine

Skill      XL: |  1  2  3  4  5 |
---------------+----------------+-----
Dodging        | 2 |  2.1
Fighting       | 2 3 |  3.0
Armour         | 1 |  1.0
Transmutations | 3 |  3.1
Spellcasting   | 3 |  3.3
Unarmed Combat | |  3.0
Invocations    | |  0.7

Action                   |  1- 3 |  4- 6 || total
-------------------------+-------+-------++-------
Melee: Unarmed           |    89 |   148 ||   237
       Headbutt          |     4 |     6 ||    10
       Punch             |     2 |     1 ||     3
Throw: Stone             |     8 |    34 ||    42
       Javelin           |       |     7 ||     7
 Cast: Beastly Appendage |     3 |     4 ||     7
Invok: Bend Time         |       |     1 ||     1
 Abil: Spit Poison       |    14 |     8 ||    22
  Use: Scroll            |     3 |     5 ||     8
 Stab: Sleeping          |     1 |     1 ||     2
  Eat: Chunk             |     1 |     5 ||     6
Armor: Robe              |    33 |    58 ||    91
Dodge: Dodged            |    41 |    79 ||   120

Table legend:
 A = Non-vault XP
 B = Vault XP
 C = Vault XP percentage of total XP
 D = Non-vault monster count
 E = Vault monster count
 F = Vault count percentage of total count
                 A         B        C        D         E       F
            +---------+---------+-------+---------+---------+-------
      Total |     292 |       4 |   1.4 |      77 |       1 |   1.3
            +---------+---------+-------+---------+---------+-------
        D:1 |      58 |       0 |   0.0 |      26 |       0 |   0.0
        D:2 |      85 |       0 |   0.0 |      28 |       0 |   0.0
        D:3 |     149 |       4 |   2.6 |      23 |       1 |   4.2
            +---------+---------+-------+---------+---------+-------
